 Dungeon Crawl Stone Soup version 0.29.1-14-g9c671dbff4 (webtiles) character file.

Game seed: 458745670219089610

45 growler the Ruffian (level 3, 0/28 HPs)
             Began as a Draconian Transmuter on Feb 19, 2023.
             Slain by a gnoll
             ... wielding a +0 halberd
              (14 damage)
             ... on level 2 of the Dungeon.
             The game lasted 00:04:49 (1986 turns).

growler the Ruffian (Draconian Transmuter)          Turns: 1986, Time: 00:04:50

Health: 0/28       AC:  5    Str: 18    XL:     3   Next: 42%
Magic:  5/6        EV: 12    Int: 15    God:
Gold:   159        SH:  0    Dex: 11    Spells: 1/7 levels left

rFire   . . .      SeeInvis +     - Unarmed
rCold   . . .      Faith    .   (no shield)
rNeg    . . .      Spirit   .   (body armour unavailable)
rPois   .          Reflect  .   (helmet currently unavailable)
rElec   .          Harm     .   (no cloak)
rCorr   .          Rampage  .   (no gloves)
Will    .....                   (boots currently unavailable)
Stlth   +.........              (no amulet)
HPRegen 0.09/turn               n - +6 ring of strength
MPRegen 0.10/turn               l - ring of see invisible

@: appendages
A: horns 2, talons 2, AC +5, unfitting armour, cold-blooded
a: End Transformation


You were on level 2 of the Dungeon.
You had temporarily grown beastly horns and talons.
You visited 1 branch of the dungeon, and saw 2 of its levels.

You collected 159 gold pieces.

Inventory:

Jewellery
 e - a ring of flight
 l - a ring of see invisible (right hand)
 n - a +6 ring of strength (left hand)
Scrolls
 c - a scroll of brand weapon {unknown}
 f - a scroll of fog {unknown}
 g - a scroll of fear {unknown}
 h - 2 scrolls of teleportation {unknown}
 j - 2 scrolls of identify {unknown}
 k - a scroll of blinking {unknown}
Potions
 a - a potion of lignification
 b - a potion of might {unknown}
 d - a potion of heal wounds {unknown}
 i - a potion of brilliance {unknown}
 m - a potion of curing {unknown}
 o - a potion of haste {unknown}


   Skills:
 - Level 1.1 Fighting
 - Level 1.7 Dodging
 + Level 3.5 Unarmed Combat
 + Level 2.6 Spellcasting
 + Level 2.7 Transmutations


You had one spell level left.
You knew the following spells:

 Your Spells              Type           Power      Damage    Failure   Level
a - Beastly Appendage     Tmut           20%        N/A       7%          1
b - Wereblood             Tmut           10%        N/A       10%         2
c - Spider Form           Tmut/Pois      6%         N/A       34%         3

Your spell library contained the following spells:

 Spells                   Type           Power      Damage    Failure   Level
 Ice Form                 Ice/Tmut       6%         N/A       75%         4


Dungeon Overview and Level Annotations

Branches:
Dungeon (2/15)

Altars:
Qazlal


Innate Abilities, Weirdness & Mutations

You have temporarily grown beastly horns and talons.
Your plain brown scales are hard. (AC +5)
You cannot fit into any form of body armour.
You are cold-blooded and may be slowed by cold attacks.


Message History

2 gnolls come into view.
The gnoll shouts! x2
A gnoll comes into view. It is wielding a +0 halberd.
The gnoll shouts!
You punch the dart slug!
The dart slug is severely wounded.
You hit the dart slug.
You kill the dart slug!
The gnoll hits you from afar with a +0 halberd!
There is a stone staircase leading up here.
The gnoll hits you from afar with a +0 halberd.
You climb upwards.
There is a stone staircase leading down here.
There is an open door here.
There is an open door here.
There is a stone staircase leading down here.
You start resting.
HP restored.
You climb downwards.
There is a stone staircase leading up here.
The gnoll shouts!
You see here a +0 dagger.
Things that are here:
a +0 club; a rat skeleton; a goblin skeleton
There is a stone staircase leading up here.
Casting: Beastly Appendage (safe; 7% risk of failure)
Confirm with . or Enter, or press ? or * to list all spells.
You grow a pair of large bovine horns.
Your feet morph into talons.
The gnoll closely misses you.
You completely miss the gnoll. Your kick misses the gnoll.
You headbutt the gnoll. You tail-slap the gnoll.
The gnoll is heavily wounded.
The gnoll barely misses you.
You closely miss the gnoll. Your kick misses the gnoll.
The gnoll is heavily wounded.
The gnoll hits you with a +0 halberd. The gnoll attacks as you move away!
The gnoll hits you with a +0 halberd!
The gnoll hits you from afar with a +0 halberd!
Ouch! That really hurt!
You die...

###### #....# # #....###
##....##. ######
###########........ #....#
#.<................
#....####.@........#.....##
#.................##.....#
#....####.g.......#......#
##.### #..............[##
#..# #....))...##.##.# ##.#
#####)#...##.##.### #.#
###.##..##†.....>
###.#######............####
#........#....#)....÷......


You could see a gnoll.

Vanquished Creatures
  A worm (D:2)
  4 dart slugs
  2 endoplasms (D:2)
  6 goblins (D:2)
  5 hobgoblins
  A quokka (D:1)
  A ball python (D:2)
  A bat (D:1)
  2 kobolds
  11 rats
34 creatures vanquished.

Notes
Turn   | Place    | Note
-------+----------+-------------------------------------------
     0 | D:1      | growler the Draconian Transmuter began the quest for the
                  | Orb.
     0 | D:1      | Reached XP level 1. HP: 16/16 MP: 3/3
   488 | D:1      | Reached XP level 2. HP: 22/23 MP: 5/5
   491 | D:1      | Learned a level 2 spell: Wereblood
  1324 | D:2      | Reached XP level 3. HP: 19/28 MP: 4/6
  1706 | D:2      | Found a faded altar of an unknown god.
  1739 | D:2      | Learned a level 3 spell: Spider Form
  1763 | D:2      | Found a stormy altar of Qazlal.
  1986 | D:2      | Slain by a gnoll

Illustrated notes

Levels and vault maps discovered:
D:1:      minmay_arrival_cross, layout_basic, minmay_strange_pillars,
          minmay_rat_gold_closets
D:2:      layout_rooms, basic_altar, dreamdust_ecumenical_altar_statues

Action                   || total
-------------------------++-------
Melee: Unarmed           ||   114
       Tailslap          ||    15
       Kick              ||    10
       Headbutt          ||     6
       Punch             ||     1
 Cast: Beastly Appendage ||     7
       Wereblood         ||     1
 Stab: Sleeping          ||     1
Armor: Skin              ||    22
Dodge: Dodged            ||    56
